Map: Altitude LE

Players

BTKitty - Winner!

  • Race: Protoss Protoss
  • Spawn Location: 7:00

VOD

Have the link to the VOD?

Description

Time

  • Played on: Sept. 13, 2023, 1:34 p.m.
  • Length: 33:48
Show
View Real Time Build Order
Export as new Build Order

BTKitty Protoss - Winner!

Build Orders:  

Get SALT Encoding   

  12  0:03  Probe (Chrono Boost)  
  13  0:14  Probe (Chrono Boost)  
  14  0:33  Pylon  
  14  0:42  Probe (Chrono Boost)  
  16  1:01  Probe (Chrono Boost)  
  16  1:04  Assimilator  
  16  1:27  Gateway  
  16  1:29  Probe (Chrono Boost)  
  17  1:41  Probe (Chrono Boost)  
  18  1:54  Probe (Chrono Boost)  
  19  2:18  Probe (Chrono Boost)  
  20  2:35  Probe (Chrono Boost)  
  21  2:40  Cybernetics Core  
  21  2:47  Zealot  
  23  3:16  Pylon  
  23  3:37  Nexus  
  23  3:43  Pylon  
  23  3:44  Probe (Chrono Boost)  
  24  3:54  Pylon  
  25  4:01  Probe (Chrono Boost)  
  25  4:18  Probe (Chrono Boost)  
  26  4:26  Assimilator  
  28  4:35  Probe (Chrono Boost)  
  29  4:40  Gateway  
  29  4:50  Gateway  
  29  5:09  Unknown  
  29  5:23  Gateway  
  29  5:35  Gateway  
  29  5:41  Warp Gate  
  29  6:11  Probe (Chrono Boost)  
  29  6:14  Probe (Chrono Boost)  
  32  6:31  Probe (Chrono Boost)  
  32  6:59  Probe (Chrono Boost)  
  32  7:03  Probe (Chrono Boost)  
  34  7:11  Probe (Chrono Boost)  
  34  7:18  Assimilator  
  36  7:21  Probe (Chrono Boost)  
  36  7:23  Probe (Chrono Boost), Assimilator  
  37  7:31  Adept  
  37  7:37  Probe (Chrono Boost)  
  37  7:38  Adept  
  37  7:39  Adept  
  44  7:47  Stalker  
  44  7:48  Stalker  
  48  8:08  Pylon  
  48  8:15  Pylon  
  48  8:23  Pylon  
  50  8:51  Probe (Chrono Boost)  
  50  8:52  Probe (Chrono Boost)  
  50  9:08  Probe (Chrono Boost)  
  50  9:09  Probe (Chrono Boost)  
  52  9:23  Gateway  
  52  9:25  Probe (Chrono Boost)  
  52  9:26  Probe (Chrono Boost)  
  52  9:29  Gateway  
  54  9:42  Probe (Chrono Boost)  
  54  9:43  Probe (Chrono Boost)  
  56  9:59  Probe (Chrono Boost)  
  58  10:00  Probe (Chrono Boost)  
  58  10:15  Nexus  
  58  10:16  Probe (Chrono Boost)  
  58  10:17  Probe (Chrono Boost)  
  62  10:40  Probe x2 (Chrono Boost)  
  62  10:46  Forge  
  62  10:57  Probe x2 (Chrono Boost)  
  64  11:03  Robotics Facility  
  64  11:14  Probe x2 (Chrono Boost)  
  68  11:30  Probe (Chrono Boost)  
  68  11:31  Probe (Chrono Boost)  
  68  11:40  Pylon  
  68  11:45  Pylon  
  68  11:52  Pylon  
  68  12:05  Pylon  
  68  12:09  Assimilator  
  68  12:19  Assimilator  
  68  12:24  Pylon  
  68  12:44  Probe x3 (Chrono Boost)  
  74  13:01  Probe x3 (Chrono Boost)  
  74  13:09  Gateway  
  74  13:18  Probe x3 (Chrono Boost)  
  77  13:21  Stalker x2  
  77  13:22  Stalker  
  77  13:23  Stalker x2  
  77  13:24  Stalker  
  77  13:25  Stalker  
  91  13:34  Probe (Chrono Boost)  
  91  13:35  Probe x2 (Chrono Boost)  
  91  13:39  Observer  
  95  15:04  Sentry  
  95  15:05  Sentry  
  95  15:08  Sentry  
  101  15:13  Stalker  
  101  15:14  Stalker  
  101  15:15  Stalker  
  101  15:16  Stalker  
  101  15:17  Stalker  
  109  17:19  Nexus  
  109  18:36  Pylon  
  112  18:41  Probe x3 (Chrono Boost)  
  112  18:58  Probe x3 (Chrono Boost)  
  115  19:12  Assimilator  
  115  19:15  Probe x3 (Chrono Boost)  
  118  19:22  Assimilator  
  120  19:32  Probe x3 (Chrono Boost)  
  120  19:38  Pylon  
  121  19:47  Pylon  
  121  19:49  Probe x3 (Chrono Boost)  
  124  20:01  Photon Cannon  
  124  20:09  Stalker  
  126  20:10  Stalker x2  
  126  20:11  Stalker x2  
  126  20:12  Stalker  
  126  20:14  Stalker  
  126  20:15  Stalker  
  140  20:31  Protoss Ground Weapons Level 1  
  140  21:08  Robotics Bay  
  140  21:09  Robotics Facility  
  140  21:15  Robotics Facility  
  143  21:41  Probe x2 (Chrono Boost)  
  143  21:42  Probe (Chrono Boost)  
  143  21:58  Probe x3 (Chrono Boost)  
  145  22:14  Stalker  
  145  22:15  Probe x3 (Chrono Boost), Stalker x2  
  145  22:16  Stalker  
  145  22:17  Stalker x2  
  145  22:18  Stalker  
  145  22:19  Stalker  
  163  22:32  Probe x3 (Chrono Boost)  
  155  22:49  Probe x3 (Chrono Boost)  
  156  24:24  Colossus  
  162  25:30  Nexus  
  162  25:56  Pylon  
  162  26:06  Pylon  
  162  26:11  Pylon  
  162  26:21  Colossus  
  168  26:31  Colossus x2  
  168  26:34  Gateway  
  180  26:54  Protoss Ground Armor Level 1  
  180  27:09  Twilight Council  
  180  27:21  Pylon  
  180  27:26  Pylon  
  168  27:32  Pylon  
  168  27:36  Colossus  
  168  27:38  Stalker x2  
  168  27:39  Stalker  
  176  27:40  Stalker  
  176  27:41  Stalker x2  
  176  27:42  Stalker  
  176  27:44  Stalker  
  176  27:46  Colossus x2  
  194  28:27  Sentry  
  196  29:39  Templar Archives  
  196  29:42  Dark Shrine  
  196  29:48  Extended Thermal Lance  
  194  30:21  Charge  
Tags
 
Add a new tag
Caveats
  • Supply blocks, unpowered buildings, or Contaminate may cause inaccurate times.
  • Supply counts are checked every 10 seconds.